 Dungeon Crawl Stone Soup version 0.30.0 (webtiles) character file.

Game seed: 13295386093467909301

2611 jasper the Zephyrmancer (level 9, -3/73 HPs)
             Began as a Hill Orc Cinder Acolyte on May 6, 2023.
             Was a Believer of Ignis.
             Slain by an orc priest
             ... wielding a +0 trident
              (8 damage)
             ... on level 7 of the Dungeon.
             The game lasted 00:07:48 (6133 turns).

jasper the Zephyrmancer (Hill Orc Cinder Acolyte)   Turns: 6133, Time: 00:07:48

Health: -3/73      AC: 19    Str: 21    XL:     9   Next: 60%
Magic:  10/10      EV:  6    Int: 14    God:    Ignis [**....]
Gold:   513        SH:  0    Dex:  6    Spells: 7/10 levels left

rFire   + . .        a - -1 hand axe (flame)
rCold   . . .        (no shield)
rNeg    + . .        A - +0 plate armour
rPois   .            (no helmet)
rElec   .            (no cloak)
rCorr   .            (no gloves)
SInv    .            h - +0 pair of boots
Will    .....        D - amulet of regeneration Stlth
                     c - ring of positive energy
HPRegen 1.12/turn    v - ring of flight
MPRegen 0.12/turn

%: no passive effects
@: fiery-armoured, flying
A: no striking features
a: Renounce Religion, Convert to Beogh, Fiery Armour, Foxfire Swarm, Rising
Flame


You were on level 7 of the Dungeon.
You worshipped Ignis.
Ignis was pleased with you.
You visited 1 branch of the dungeon, and saw 7 of its levels.

You collected 513 gold pieces.

Inventory:

Hand Weapons
 a - a -1 hand axe of flaming (weapon)
 w - a +1 whip of electrocution
Missiles
 k - 46 stones
 r - 2 javelins
 x - a boomerang (quivered)
Armour
 b - a +0 robe
 e - a +0 leather armour
 h - a +0 pair of boots (worn)
 l - a +0 ring mail
 y - a +0 scale mail
 A - a +0 plate armour (worn)
Jewellery
 c - a ring of positive energy (left hand)
 v - a ring of flight (right hand)
 D - an amulet of regeneration (around neck)
Wands
 B - a wand of quicksilver (3)
Scrolls
 d - a scroll of immolation {unknown}
 g - a scroll of fog {unknown}
 i - a scroll of summoning {unknown}
 m - a scroll of blinking {unknown}
 n - a scroll of amnesia {unknown}
 o - a scroll of magic mapping {unknown}
 p - 4 scrolls of teleportation {unknown}
 q - 2 scrolls of poison {unknown}
 s - 6 scrolls of identify {unknown}
 E - a scroll of fear {unknown}
 F - a scroll of noise {unknown}
Potions
 f - 4 potions of haste {unknown}
 j - 3 potions of heal wounds
 t - 2 potions of mutation {unknown}
 u - a potion of lignification {unknown}
 z - a potion of flight {unknown}
 C - 3 potions of curing {unknown}
 G - a potion of cancellation {unknown}
 H - a potion of brilliance {unknown}


   Skills:
 - Level 4.9 Fighting
 - Level 8.5 Axes
 - Level 2.9 Armour
 - Level 1.0 Spellcasting
 - Level 3.2 Fire Magic
 + Level 8.9 Air Magic


You had 7 spell levels left.
You knew the following spells:

 Your Spells              Type           Power      Damage    Failure   Level
a - Swiftness             Air            25%        N/A       45%         3

Your spell library contained the following spells:

 Spells                   Type           Power      Damage    Failure   Level
 Scorch                   Fire           18%        2d5       95%         2
 Necrotise                Necr           0%         1d4       100%        1
 Ensorcelled Hibernation  Hex/Ice        0%         N/A       100%        2
 Passwall                 Tmut/Erth      0%         N/A       100%        2
 Vampiric Draining        Necr           0%         2d6       100%        3
 Flame Wave               Conj/Fire      5%         2d5       100%        4
 Agony                    Necr           0%         N/A       100%        5
 Summon Cactus Giant      Summ           0%         N/A       100%        6


Dungeon Overview and Level Annotations

Branches:
Dungeon (7/15)             Temple (0/1) D:7

Altars:
Cheibriados
Yredelemnul

Shops:
D:1 ?   D:6 !

Annotations:
D:5 3 runed translucent doors, dialectric's ghost, weakling GrDe


Message History

The orc priest threatens, "By the altar or by the axe, you will meet Beogh!"
You hit the orc priest but do no damage.
You closely miss the orc. The orc hits you with a +0 flail!
* * * LOW HITPOINT WARNING * * *
The orc is burned by your cloak of flames.
You kill the orc!
The orc priest invokes the aid of Beogh against you.
Pain shoots through your body!
* * * LOW HITPOINT WARNING * * *
You hit the orc priest. You burn the orc priest.
The orc priest is lightly wounded.
The orc priest shouts, "Join the one true god or die!"
You hit the orc priest but do no damage.
The orc priest threatens, "By the altar or by the axe, you will meet Beogh!"
The orc priest hits you but does no damage.
The orc priest is burned by your cloak of flames.
The orc priest is heavily wounded.
The orc priest closely misses you.
You barely miss the orc priest.
The orc priest is lightly wounded.
The orc priest threatens, "By the altar or by the axe, you will meet Beogh!"
You hit the orc priest but do no damage.
You barely miss the orc priest.
The orc priest shouts, "Join the one true god or die!"
The orc priest is lightly wounded.
You hit the orc priest. You burn the orc priest.
The orc priest shouts, "Beogh is our master!
Accept the truth or die!"
The orc priest hits you but does no damage.
The orc priest is burned by your cloak of flames.
You kill the orc priest!
The orc priest shouts, "Surrender to Beogh and we'll let you live!"
The orc priest hits you but does no damage.
The orc priest is burned by your cloak of flames.
The orc priest is severely wounded.
You closely miss the orc priest.
The orc priest shouts, "Surrender to Beogh and we'll let you live!"
The orc priest is severely wounded.
You hit the sky beast. You burn the sky beast.
The orc priest hits you with a +0 trident!
You die...

#..# ^# #..# #.###
...# ..... ##.#
###...# #.#
########...#.####
#.#
#...#...........#
#)# #.#...#...#...#
#)####..###....)# .
#.......# #.###@#
###.....##'....oY#
##'....)#...#####...
..##......#.# .....
>.##...)...[# .#.###
..##..#.....# .#..
####.##.#...# .. #.
. #.#...##+.. +# ..
> #.....# ...


You could see a sky beast and an orc priest.

Vanquished Creatures
  Joseph (D:7)
  Sigmund (D:3)
  A sky beast (D:7)
  2 black bears (D:6)
  2 ice beasts
  2 ogres
  A centaur (D:5)
  2 phantoms
  A bullfrog (D:6)
  2 scorpions
  5 wights (D:7)
  2 jellies
  A gnoll bouda (D:6)
  3 orc priests (D:7)
  2 hounds
  A sleepcap (D:7)
  Jessica (D:2)
  7 orc wizards
  2 iguanas
  12 gnolls
  7 adders
  A white imp (D:7)
  A worm (D:2)
  A dart slug (D:3)
  30 orcs
  4 endoplasms
  2 giant cockroaches (D:1)
  9 goblins
  7 hobgoblins
  2 jackals (D:1)
  5 kobolds
  5 quokkas
  6 ball pythons
  6 bats
  8 frilled lizards
  11 rats
156 creatures vanquished.

Vanquished Creatures (others)
  A plant (D:7)
1 creature vanquished.

Grand Total: 157 creatures vanquished

Notes
Turn   | Place    | Note
-------+----------+-------------------------------------------
     0 | D:1      | jasper the Hill Orc Cinder Acolyte began the quest for the
                  | Orb.
     0 | D:1      | Reached XP level 1. HP: 19/19 MP: 2/2
   136 | D:1      | Reached XP level 2. HP: 21/26 MP: 3/3
   167 | D:1      | Reached skill level 5 in Axes
   499 | D:1      | Reached XP level 3. HP: 28/31 MP: 4/4
   601 | D:1      | Found Mievahoe's Magic Scroll Boutique.
  1320 | D:2      | Noticed Jessica
  1325 | D:2      | Killed Jessica
  1326 | D:2      | Reached XP level 4. HP: 29/39 MP: 5/5
  1481 | D:2      | Learned a level 3 spell: Swiftness
  1831 | D:3      | Noticed Sigmund
  1840 | D:3      | Killed Sigmund
  1841 | D:3      | Reached skill level 1 in Armour
  1841 | D:3      | Reached skill level 1 in Air Magic
  1841 | D:3      | Reached XP level 5. HP: 42/46 MP: 6/6
  1841 | D:3      | Reached XP level 6. HP: 47/52 MP: 7/7
  2658 | D:4      | Noticed an ice beast
  2672 | D:4      | Killed an ice beast
  2673 | D:4      | Reached XP level 7. HP: 43/60 MP: 8/8
  3343 | D:4      | Identified the +0 robe "Erroun" {Dex+3}
  3454 | D:5      | Entered Level 5 of the Dungeon
  3766 | D:5      | Found a runed translucent gate.
  3768 | D:5      | Found a runed translucent gate.
  3769 | D:5      | Found a runed translucent gate.
  3770 | D:5      | Noticed dialectric's ghost (weakling GrDe)
  3770 | D:5      | Noticed a wyvern
  3787 | D:5      | Reached XP level 8. HP: 56/67 MP: 9/9
  3997 | D:5      | Found a snail-covered altar of Cheibriados.
  4173 | D:5      | Found a basalt altar of Yredelemnul.
  4541 | D:6      | Reached skill level 5 in Air Magic
  5230 | D:6      | Found Erripn's Distillery.
  5650 | D:7      | Found a staircase to the Ecumenical Temple.
  5680 | D:7      | Noticed Joseph
  5703 | D:7      | Killed Joseph
  5704 | D:7      | Reached XP level 9. HP: 39/73 MP: 10/10
  6129 | D:7      | HP: 2/73 [orc/+0 flail (7)]
  6133 | D:7      | Slain by an orc priest

Illustrated notes

Levels and vault maps discovered:
D:1:      saegor_arrival_miasma, layout_basic, serial_shops,
          nicolae_shop_just_a_little_nook, minmay_rat_gold_closets
D:2:      layout_basic, uniq_jessica
D:3:      layout_loops_ring, due_unseen_surprise, uniq_sigmund
D:4:      layout_basic
D:5:      layout_basic, mainiacjoe_overflow_two_lobes, gammafunk_ghost_split
D:6:      black_bear_nest_2, layout_basic, serial_shops, nicolae_shop_crystal
D:7:      layout_loops_corners, minmay_temple_entry_steel_oval,
          nicolae_ossuary_entry_false_entrances, minmay_misc_feat_tower,
          serial_bayou_pond_a, nicolae_take_the_stairs,
          minmay_fractal_squares_diagonal_5, uniq_joseph

Skill      XL: |  1  2  3  4  5  6  7  8  9 |
---------------+----------------------------+-----
Axes           | 5 6 7 8 |  8.5
Fighting       | 4 |  4.9
Armour         | 1 2 |  2.9
Air Magic      | 1 4 7 8 |  8.9
Spellcasting   | |  1.0
Fire Magic     | |  3.2

Action                     |  1- 3 |  4- 6 |  7- 9 || total
---------------------------+-------+-------+-------++-------
  Melee: Hand axe          |    94 |   113 |   284 ||   491
         Punch             |       |     2 |     3 ||     5
  Throw: Boomerang         |    35 |       |    41 ||    76
         Stone             |     6 |    21 |       ||    27
 Invoke: Fiery Armour      |     1 |     2 |     7 ||    10
 Armour: Robe              |     6 |       |       ||     6
         Leather armour    |     8 |       |       ||     8
         Ring mail         |    13 |    62 |     5 ||    80
         Plate armour      |       |       |   182 ||   182
  Dodge: Dodged            |    42 |    57 |    77 ||   176
